 Dungeon Crawl Stone Soup version 0.32-a0-900-g30fb1b0edc (webtiles) character file.

Game seed: 1470746899534970987

1909 mmarios the Covered (level 8, -12/74 HPs)
             Began as a Minotaur Fighter on Apr 5, 2024.
             Was a Believer of Makhleb.
             Killed from afar by a deep elf pyromancer (25 damage)
             ... with a bolt of fire
             ... on level 7 of the Dungeon.
             The game lasted 00:22:07 (5485 turns).

mmarios the Covered (Minotaur Fighter)              Turns: 5485, Time: 00:22:07

Health: -12/74     AC: 18    Str: 23    XL:     8   Next: 94%
Magic:  7/7        EV:  5    Int:  5    God:    Makhleb [**....]
Gold:   434        SH:  5    Dex: 10    Spells: 7/7 levels left

rFire   . . .        a - +0 war axe
rCold   . . .        c - +0 buckler
rNeg    . . .        j - +0 plate armour
rPois   .            (helmet restricted)
rElec   .            A - +0 cloak
rCorr   .            F - +1 pair of gloves
SInv    .            h - +0 pair of boots
Will    +....        (no amulet) Stlth
                     m - ring of willpower
HPRegen 0.32/turn    (no ring)
MPRegen 0.10/turn

%: no passive effects
@: on fire, glowing
A: horns 2, retaliatory headbutt
a: Renounce Religion, Minor Destruction


You were on level 7 of the Dungeon.
You worshipped Makhleb.
Makhleb was pleased with you.
You visited 1 branch of the dungeon, and saw 7 of its levels.

You collected 434 gold pieces.

Inventory:

Hand Weapons
 a - a +0 war axe (weapon)
 e - a +0 flail of holy wrath
 f - a +0 short sword of flaming
 v - a +2 vampiric dagger
 y - a +0 scythe of protection
 z - a +3 quarterstaff of chaos
 I - a +1 rapier of venom
Missiles
 s - 60 stones (quivered)
 x - 7 javelins
Armour
 c - a +0 buckler (worn)
 h - a +0 pair of boots (worn)
 j - a +0 plate armour (worn)
 A - a +0 cloak (worn)
 F - a +1 pair of gloves (worn)
Magical Staves
 o - a staff of cold
Jewellery
 m - a ring of willpower (left hand)
 B - a ring of protection from cold
Talismans
 H - the serpent talisman of Pandemonium {Str+3 Dex+4}
   (You found it on level 6 of the Dungeon)

   [serpent talisman]

   Str+3:     It affects your strength (+3).
   Dex+4:     It affects your dexterity (+4).
Wands
 u - a wand of mindburst (14)
 G - a wand of roots (12)
 J - a wand of flame (8)
Scrolls
 i - 3 scrolls of fear {unknown}
 k - 2 scrolls of teleportation {unknown}
 n - 8 scrolls of identify {unknown}
 q - a scroll of noise {unknown}
 t - a scroll of immolation {unknown}
Potions
 b - 2 potions of ambrosia {unknown}
 d - 3 potions of might
 g - 2 potions of enlightenment {unknown}
 l - 4 potions of curing {unknown}
 p - 3 potions of lignification {unknown}
 r - 2 potions of haste {unknown}
 w - a potion of brilliance {unknown}
 C - 2 potions of degeneration {unknown}
 D - a potion of attraction {unknown}
 E - a potion of heal wounds {unknown}


   Skills:
 + Level 7.8 Fighting
 + Level 7.3 Axes
 + Level 7.9 Armour
 + Level 7.8 Shields


You had 7 spell levels left.
You didn't know any spells.
Your spell library contained the following spells:

 Spells                   Type           Power      Damage    Failure   Level
 Sandblast                Erth           0%         2d4       100%        1
 Lesser Beckoning         Tloc           0%         N/A       100%        2
 Maxwell's Portable Pile  Tloc           0%         2d(5-13)  100%        3
 Stone Arrow              Conj/Erth      0%         3d7       100%        3
 Teleport Other           Tloc           0%         N/A       100%        3
 Brom's Barrelling Bould  Conj/Erth      0%         2d3       100%        4
 Arcjolt                  Conj/Air       0%         1d10      100%        5
 Dispersal                Tloc           0%         N/A       100%        6
 Gell's Gavotte           Tloc           0%         2d(11-16) 100%        6
 Maxwell's Capacitive Co  Air            0%         ∞         100%        8


Dungeon Overview and Level Annotations

Branches:
Dungeon (7/15)             Temple (0/1) D:4

Altars:
Ashenzari
Cheibriados
Dithmenos
Elyvilon
Fedhas
Hepliaklqana
Makhleb
Okawaru
Ru
Uskayaw
Vehumet
Xom
Yredelemnul
Zin

Shops:
D:4 *   D:7 :

Annotations:
D:4 2 transporters, BorgnjorsVileCrotch's ghost, amateur FeSh


Innate Abilities, Weirdness & Mutations

You have a pair of horns on your head.
You reflexively headbutt those who attack you in melee.


Message History

Found seven items.
You hit the deep elf pyromancer.
The deep elf pyromancer is lightly wounded.
You closely miss the deep elf pyromancer.
You barely miss the deep elf pyromancer.
The deep elf pyromancer gestures at you while chanting.
The pyre arrow hits you.
You are covered in intense liquid fire!
You block the deep elf pyromancer's attack.
You closely miss the deep elf pyromancer.
Your headbutt misses the deep elf pyromancer.
You hit the deep elf pyromancer. The liquid fire burns you!
The deep elf pyromancer closely misses you. x2
You slash the deep elf pyromancer!
Your headbutt misses the deep elf pyromancer.
The deep elf pyromancer is moderately wounded.
You slash the deep elf pyromancer! The liquid fire burns you!
The kobold demonologist mumbles some strange words.
The deep elf pyromancer completely misses you.
You furiously retaliate!
You headbutt the deep elf pyromancer!
The deep elf pyromancer hits you with a +0 long sword.
You closely miss the deep elf pyromancer.
You headbutt the deep elf pyromancer, but do no damage.
The deep elf pyromancer is heavily wounded.
You slash the deep elf pyromancer! The liquid fire burns you!
The deep elf pyromancer hits you with a +0 long sword.
The deep elf pyromancer hits you but does no damage.
You closely miss the deep elf pyromancer.
You headbutt the deep elf pyromancer!
The deep elf pyromancer is severely wounded.
You slash the deep elf pyromancer! The liquid fire burns you!
* * * LOW HITPOINT WARNING * * *
The deep elf pyromancer hits you but does no damage.
The deep elf pyromancer casts a spell at you.
The bolt of fire hits you!!
You die...

.# ..# .#...#
)#...# .#...###
.#.....< .....#
###+### ### .....#
#.....# #..:#
.....#
#.#....e#K.)})#
.....#
#.+....@eY.#
#....#
#.#.....#4)C..#
#....# #.#.....#
..#.# #....#
#.###'### +#
#.########.#.....#
...........##.#.##
...........'..[..+
...........#.#.#.#
..........^#.....#


You could see a cyclops, 2 deep elf pyromancers, a kobold demonologist, a yak
and a chaos spawn (summoned).

Vanquished Creatures
  A kobold demonologist (D:7)
  Sigmund (D:4)
  Menkaure (D:4)
  A water moccasin (D:7)
  A sky beast (D:7)
  An ice beast (D:5)
  A phantom (D:6)
  A bullfrog (D:7)
  3 scorpions (D:5)
  A howler monkey (D:5)
  A bombardier beetle (D:5)
  An orc priest (D:4)
  4 hounds
  Crazy Yiuf (D:3)
  A sleepcap (D:6)
  2 iguanas (D:4)
  2 orc wizards (D:4)
  Robin (D:2)
  5 adders
  12 gnolls
  A shadow imp (D:7)
  3 white imps
  2 ufetubi (D:6)
  3 ribbon worms
  4 dart slugs
  22 orcs
  4 endoplasms
  4 giant cockroaches
  19 goblins
  13 hobgoblins
  3 jackals (D:1)
  10 kobolds
  4 quokkas
  11 ball pythons
  6 bats
  4 frilled lizards
  2 rats
157 creatures vanquished.

Notes
Turn   | Place    | Note
-------+----------+-------------------------------------------
     0 | D:1      | mmarios the Minotaur Fighter began the quest for the Orb.
     0 | D:1      | Reached XP level 1. HP: 19/19 MP: 0/0
   185 | D:1      | Reached XP level 2. HP: 26/27 MP: 1/1
   544 | D:1      | Reached XP level 3. HP: 33/33 MP: 2/2
   870 | D:2      | Found a radiant altar of Vehumet.
   955 | D:2      | Noticed Robin
   972 | D:2      | Killed Robin
   973 | D:2      | Reached XP level 4. HP: 31/41 MP: 3/3
  1027 | D:2      | Found a faded altar of an unknown god.
  1892 | D:3      | Found a runed translucent door.
  1893 | D:3      | Noticed Crazy Yiuf
  2176 | D:3      | Reached XP level 5. HP: 44/47 MP: 4/4
  2335 | D:3      | Found a burning altar of Makhleb.
  2340 | D:3      | Became a worshipper of Makhleb the Destroyer
  2584 | D:3      | Killed Crazy Yiuf
  2927 | D:4      | Reached skill level 5 in Armour
  2955 | D:4      | Reached skill level 5 in Fighting
  2955 | D:4      | Reached skill level 5 in Shields
  2995 | D:4      | Noticed Menkaure
  3000 | D:4      | Reached XP level 6. HP: 53/56 MP: 5/5
  3006 | D:4      | Killed Menkaure
  3043 | D:4      | Reached * piety under Makhleb
  3124 | D:4      | Noticed Sigmund
  3125 | D:4      | Found a staircase to the Ecumenical Temple.
  3157 | D:4      | Killed Sigmund
  3158 | D:4      | Reached skill level 5 in Axes
  3158 | D:4      | Reached XP level 7. HP: 6/62 MP: 6/6
  3238 | D:4      | Noticed BorgnjorsVileCrotch's ghost (amateur FeSh)
  3257 | D:4      | Found Byoleixt's Mayhem Merchandise.
  3265 | D:4      | Found a transporter.
  3361 | D:4      | Found a transporter.
  3758 | D:5      | Entered Level 5 of the Dungeon
  3993 | D:5      | Reached ** piety under Makhleb
  4297 | D:5      | Reached XP level 8. HP: 43/71 MP: 7/7
  5047 | D:6      | Found a white marble altar of Elyvilon.
  5048 | D:6      | Found a shimmering altar of Xom.
  5050 | D:6      | Identified the serpent talisman of Pandemonium {Str+3
                  | Dex+4}
  5055 | D:6      | Found a snail-covered altar of Cheibriados.
  5055 | D:6      | Found a sacrificial altar of Ru.
  5056 | D:6      | Found an iron altar of Okawaru.
  5056 | D:6      | Found a hide-covered altar of Uskayaw.
  5059 | D:6      | Found a blossoming altar of Fedhas.
  5059 | D:6      | Found a shadowy altar of Dithmenos.
  5059 | D:6      | Found a glowing silver altar of Zin.
  5062 | D:6      | Found a broken altar of Ashenzari.
  5062 | D:6      | Found a basalt altar of Yredelemnul.
  5062 | D:6      | Found a hazy altar of Hepliaklqana.
  5324 | D:7      | Found Zeut's Book Shop.
  5367 | D:7      | Noticed a kobold demonologist
  5393 | D:7      | Noticed a hellwing
  5393 | D:7      | Killed a kobold demonologist
  5479 | D:7      | Noticed a deep elf pyromancer
  5479 | D:7      | Noticed a deep elf pyromancer
  5479 | D:7      | Noticed a cyclops
  5479 | D:7      | Noticed a kobold demonologist
  5485 | D:7      | Killed from afar by a deep elf pyromancer

Illustrated notes

Levels and vault maps discovered:
D:1:      sevenhm_arrival_forest_fort_large_2, layout_basic
D:2:      minmay_alternating_diamond, layout_rooms, basic_altar,
          ebering_ecumenical_altar_sacrificial, uniq_robin
D:3:      layout_loops_ring, lightli_temple_of_fire, minmay_gold_behind_fungi,
          uniq_crazy_yiuf_cottage
D:4:      corexii_shantytown, layout_basic, minmay_temple_entry_glass,
          gammafunk_ghost_arena, minmay_shop_mayhem, uniq_menkaure, uniq_sigmund
D:5:      layout_basic, minmay_misc_feat_alley, palyth_stone_intersect
D:6:      layout_basic, nicolae_overflows_in_rows
D:7:      minmay_the_grid_square_5x5_3x3
          [minmay_the_grid_square_5x5_doubleslash,
          minmay_the_grid_square_5x5_one_wall, minmay_the_grid_square_5x5_empty,
          minmay_the_grid_square_5x5_checkered_statues,
          minmay_the_grid_square_5x5_megaprize_crossed,
          minmay_the_grid_square_5x5_v,
          minmay_the_grid_square_5x5_checkered_sparse,
          minmay_the_grid_square_5x5_empty,
          minmay_the_grid_square_5x5_hourglass], layout_basic,
          palyth_temple_overflow_mages, serial_shops, shop,
          nicolae_shop_drivethru, nicolae_shop_statue_plus, shop,
          enter_bailey_4, uniq_duvessa

Skill      XL: |  1  2  3  4  5  6  7  8 |
---------------+-------------------------+-----
Armour         | 4 5 6 7 |  7.9
Shields        | 4 5 6 7 |  7.8
Fighting       | 4 5 6 7 |  7.8
Axes           | 3 4 5 6 7 |  7.3

Action                     |  1- 3 |  4- 6 |  7- 9 || total
---------------------------+-------+-------+-------++-------
  Melee: War axe           |    70 |   155 |   215 ||   440
         Headbutt          |    14 |    28 |    36 ||    78
 Armour: Scale mail        |    41 |       |       ||    41
         Plate armour      |    54 |   180 |   202 ||   436
  Dodge: Dodged            |    17 |    36 |    59 ||   112
  Block: Buckler           |    28 |    38 |    44 ||   110

Table legend: (Time is in decaauts)
 A = Elapsed time spent in this place.
 B = Non-inter-level travel time spent in this place.
 C = Inter-level travel time spent in this place.
 D = Time resting spent in this place.
 E = Time spent auto-exploring this place.
 F = Levels seen in this place.
 G = Mean time per level.
                   A        B        C        D        E       F      G
               +--------+--------+--------+--------+--------+-----+--------+
         Total |   5607 |   5520 |     87 |      0 |   2410 |   7 |  801.0 |
       Dungeon |   5607 |   5520 |     87 |      0 |   2410 |   7 |  801.0 |
               +--------+--------+--------+--------+--------+-----+--------+

Top non-repeatable levels by time:
     D:3: 1264 daAuts
     D:4: 1068 daAuts
     D:5: 957 daAuts
     D:1: 830 daAuts
     D:2: 682 daAuts
     D:6: 624 daAuts
     D:7: 180 daAuts
